 Seeded DCSS version 0.31-a0-128-g25add195a6 (webtiles) character file.

Game seed: 10156749324913706204 (custom seed)

37 Pimp the Insei (level 3, -12/23 HPs)
             Began as an Octopode Transmuter on June 1, 2023.
             Mangled by an ice beast (19 damage)
             ... on level 6 of the Dungeon.
             The game lasted 00:03:57 (1262 turns).

Pimp the Insei (Octopode Transmuter)                Turns: 1262, Time: 00:03:58

Health: -12/23     AC:  1    Str:  9    XL:     3   Next: 39%
Magic:  5/6        EV: 13    Int: 15    God:
Gold:   36         SH:  0    Dex: 14    Spells: 5/6 levels left

rFire   + .          .
                       - Unarmed
rCold   x . .        (no shield)
rNeg    . . .        (helmet currently unavailable)
rPois   .            (no amulet)
rElec   .            d - ring of fire
rCorr   .            (no ring)
SInv    .            (no ring)
Will    .....        (no ring)
Stlth   ++           (no ring)
HPRegen 0.23/turn    (no ring)
MPRegen 0.10/turn    (no ring)
                     (no ring)

%: no passive effects
@: appendages (expiring)
A: tentacle spike 3, almost no armour, amphibious, 8 rings, camouflage 1,
gelatinous body 1, (nimble swimmer 1), tentacles
a: End Transformation


You were on level 6 of the Dungeon.
One of your tentacles had grown a beastly spike.
You visited 1 branch of the dungeon, and saw 4 of its levels.

You collected 36 gold pieces.

Inventory:

Jewellery
 d - a ring of fire (left tentacle)
Scrolls
 b - a scroll of fear
Potions
 a - a potion of lignification
 c - a potion of curing {unknown}


   Skills:
 + Level 1.5 Fighting
 * Level 2.5 Dodging
 + Level 3.3 Unarmed Combat
 + Level 2.3 Spellcasting
 + Level 2.3 Transmutations


You had 5 spell levels left.
You knew the following spells:

 Your Spells              Type           Power      Damage    Failure   Level
a - Beastly Appendage     Tmut           16%        N/A       9%          1

Your spell library contained the following spells:

 Spells                   Type           Power      Damage    Failure   Level
 Wereblood                Tmut           8%         N/A       12%         2
 Blink                    Tloc           2%         N/A       32%         2
 Lesser Beckoning         Tloc           2%         N/A       32%         2
 Momentum Strike          Conj/Tloc      2%         3d8       32%         2
 Spider Form              Tmut/Pois      5%         N/A       36%         3
 Ice Form                 Ice/Tmut       5%         N/A       78%         4
 Malign Gateway           Summ/Tloc      0%         N/A       100%        7
 Summon Horrible Things   Summ           0%         N/A       100%        8


Dungeon Overview and Level Annotations

Branches:
Dungeon (3/15)

Altars:

Shops:
D:2 =


Innate Abilities, Weirdness & Mutations

One of your tentacles has grown a beastly spike.
You cannot wear most types of armour.
You are amphibious.
You can wear up to eight rings at the same time.
Your skin changes colour to match your surroundings (Stealth+).
Your rubbery body absorbs attacks. (AC +1, EV +1)
((You are camouflaged when in or above water. (Stealth+)))
You have tentacles for arms and can constrict up to eight enemies at once.


Message History

Your transformation is almost over.
Done exploring.
Your tentacle spike disappears.
There is a stone staircase leading down here.
Okay, then.
You climb downwards.
There is a stone staircase leading up here.
A sourceless malevolence fills the Dungeon...
You fall into a shaft and drop 3 floors!
The shaft crumbles and collapses.
Okay, then.
Found a long sword.
Found a dagger.
An ice beast comes into view.
Okay, then.
Casting: Beastly Appendage (safe; 9% risk of failure)
Confirm with . or Enter, or press ? or * to list all spells.
One of your tentacles grows a vicious spike.
You closely miss the ice beast.
You pierce the ice beast.
The ice beast is lightly wounded.
You closely miss the ice beast.
The ice beast is lightly wounded.
The ice beast closely misses you.
You tentacle-slap the ice beast but do no damage.
The ice beast is lightly wounded.
The ice beast hits you but does no damage.
You tentacle-slap the ice beast.
The ice beast is moderately wounded.
The ice beast closely misses you.
You tentacle-slap the ice beast but do no damage.
Your squeeze misses the ice beast.
The ice beast is moderately wounded.
Your transformation is almost over.
The ice beast hits you. The ice beast freezes you!
You feel a terrible chill!
Ouch! That really hurt!
You closely miss the ice beast. You squeeze the ice beast.
The ice beast is moderately wounded.
The ice beast hits you. The ice beast freezes you!!
You feel a terrible chill!
Ouch! That really hurt!
You die...

#..##..##
###.....
##..#....#
##...#
#..##.####
#....
#..##..#
##...
#......# ..#
####...###
...
##.......#
#......Y.###
#......@...#
####..#...##
####..##
####


You could see an ice beast.

Vanquished Creatures
  An adder (D:2)
  5 endoplasms
  A goblin (D:1)
  4 hobgoblins
  3 quokkas (D:2)
  A ball python (D:2)
  A bat (D:2)
  4 frilled lizards
  4 kobolds
  3 rats
27 creatures vanquished.

Notes
Turn   | Place    | Note
-------+----------+-------------------------------------------
     0 | D:1      | Pimp the Octopode Transmuter began the quest for the Orb.
     0 | D:1      | Reached XP level 1. HP: 13/13 MP: 3/3
   155 | D:1      | Reached XP level 2. HP: 6/18 MP: 3/5
   550 | D:2      | Found a faded altar of an unknown god.
   608 | D:2      | Reached XP level 3. HP: 7/23 MP: 6/6
   692 | D:2      | Found Utiof's Jewellery Shop.
  1227 | D:3      | You fall into a shaft and drop 3 floors!
  1244 | D:6      | Noticed an ice beast
  1262 | D:6      | Mangled by an ice beast

Illustrated notes

Levels and vault maps discovered:
D:1:      shiori_arrival_oz, layout_rooms
D:2:      layout_basic, shapermc_ecumenical_altar_flowoftime, serial_shops, shop
D:3:      layout_loops_ring
D:6:      layout_cave_pools, grunt_decor_clamped

Action                     || total
---------------------------++-------
  Melee: Unarmed           ||    64
         Tentacles         ||     9
         Kick              ||    12
         Constrict         ||     8
         Punch             ||     1
   Cast: Beastly Appendage ||    18
    Use: Scroll            ||     4
   Stab: Sleeping          ||     3
 Armour: Skin              ||     3
  Dodge: Dodged            ||    29

Table legend: (Time is in decaauts)
 A = Elapsed time spent in this place.
 B = Non-inter-level travel time spent in this place.
 C = Inter-level travel time spent in this place.
 D = Time resting spent in this place.
 E = Time spent auto-exploring this place.
 F = Levels seen in this place.
 G = Mean time per level.
                   A        B        C        D        E       F      G
               +--------+--------+--------+--------+--------+-----+--------+
         Total |   1257 |   1207 |     50 |     85 |    839 |   4 |  314.2 |
       Dungeon |   1257 |   1207 |     50 |     85 |    839 |   4 |  314.2 |
               +--------+--------+--------+--------+--------+-----+--------+

Top non-repeatable levels by time:
     D:2: 754 daAuts
     D:1: 468 daAuts
     D:6: 34 daAuts
     D:3: 0 daAuts
